 Dungeon Crawl Stone Soup version 0.19.1 (webtiles) character file.

102 Firecrotchwizard the Conjurer (level 4, 0/24 HPs)
             Began as a Deep Elf Conjurer on Dec 9, 2016.
             Slain by a scorpion (5 damage)
             ... on level 3 of the Dungeon.
             The game lasted 00:09:32 (2285 turns).

Firecrotchwizard the Conjurer (Deep Elf Conjurer)   Turns: 2285, Time: 00:09:33

Health: 0/24       AC:  4    Str:  5    XL:     4   Next: 50%
Magic:  2/11       EV: 13    Int: 21    God:
Gold:   107        SH:  0    Dex: 15    Spells: 3 memorised, 3 levels left

rFire  . . .     SeeInvis .     k - +0 hunting sling (flame)
rCold  . . .     Gourm    .     a - +1 robe
rNeg   . . .     Faith    .     (no shield)
rPois  .         Spirit   .     (no helmet)
rElec  .         Reflect  .     (no cloak)
rCorr  .         Harm     .     e - +0 pair of gloves
MR     .....                    (no boots)
Stlth  +++.......               n - amulet of rage
                                (no ring)
                                (no ring)

@: lethally poisoned (0 -> -9)
A: no striking features
a: Evoke Berserk Rage


You were on level 3 of the Dungeon.
You were not hungry.

You visited 1 branch of the dungeon, and saw 3 of its levels.

You collected 107 gold pieces.

Inventory:

Hand Weapons
 d - a +0 hand axe
 g - a +0 dagger
 i - a +2 dagger of flaming
 k - a +0 hunting sling of flaming (weapon)
Missiles
 j - 4 tomahawks
 m - 33 stones (quivered)
Armour
 a - a +1 robe (worn)
 e - a +0 pair of gloves (worn)
Jewellery
 n - an amulet of rage (around neck)
Scrolls
 p - a scroll of teleportation {unknown}
 q - a scroll of enchant weapon {unknown}
 r - a scroll of identify {unknown}
Potions
 h - 2 potions of curing {unknown}
 l - a potion of degeneration {unknown}
 o - a potion of heal wounds {unknown}
Books
 b - a book of Conjurations

   Spells                             Type                      Level
   a - Magic Dart                     Conjuration                  1
   b - Searing Ray                    Conjuration                  2
   c - Dazzling Spray                 Conjuration/Hexes            3
   d - Fulminant Prism                Conjuration/Hexes            4
   e - Iskenderun's Mystic Blast      Conjuration                  4
   f - Iskenderun's Battlesphere      Conjuration/Charms           5
Comestibles
 c - 3 bread rations
 f - 2 meat rations


   Skills:
 + Level 3.1 Dodging
 + Level 3.9 Stealth
 + Level 3.9 Spellcasting
 * Level 5.3 Conjurations


You had 3 spell levels left.
You knew the following spells:

 Your Spells              Type           Power        Failure   Level  Hunger
a - Magic Dart            Conj           ####         1%          1    None
b - Searing Ray           Conj           ####..       1%          2    #......
c - Iskenderun's Mystic   Conj           ####....     17%         4    ####...


Dungeon Overview and Level Annotations

Branches:
Dungeon (3/15)

Altars:
Elyvilon
Fedhas
Qazlal
Trog
Xom
Yredelemnul
The Shining One


Message History

The searing ray hits the scorpion.
The scorpion is moderately wounded.
The scorpion barely misses you.
The searing ray hits the scorpion.
The scorpion is moderately wounded.
The scorpion barely misses you.
The searing ray hits the scorpion.
The scorpion is moderately wounded.
The scorpion stings you!
The searing ray misses the scorpion.
You finish channeling your searing ray.
The scorpion barely misses you. The scorpion stings you.
The scorpion stings you. The scorpion stings you.
* * * LOW HITPOINT WARNING * * *
You are lethally poisoned!
The scorpion poisons you!
* * * LOW HITPOINT WARNING * * *
You feel sick. The scorpion stings you.
You die...

######.#################..
#...)# ###### ######..
########....# ....(. ........
#...........# ...... #####...
#.##........##.....[ #...
#.....##............ #...
#.....##........... #...
##.....###.##(s.####.######...
..............@...............>
.........##.########...........
#.#......##.# #..........) #
#.###†.##.# #........... #+
#..##.# #..........# #..##.#
#.......##.# #..##.#
#.......##.# #..##.#
#.##'#...... #.# #.##........


You could see a scorpion.

Vanquished Creatures
  An iguana (D:3)
  An ooze (D:1)
  2 worms
  A dart slug (D:1)
  3 leopard geckos
  An orc (D:2)
  5 bats
  8 giant cockroaches
  3 goblins
  5 hobgoblins
  5 jackals (D:2)
  2 quokkas (D:2)
  A ball python (D:2)
  4 frilled lizards
  8 kobolds
  5 rats
55 creatures vanquished.

Vanquished Creatures (others)
  A hobgoblin (D:1)
  A rat (D:1)
2 creatures vanquished.

Grand Total: 57 creatures vanquished

Notes
Turn   | Place    | Note
-------+----------+-------------------------------------------
     0 | D:1      | Firecrotchwizard the Deep Elf Conjurer began the quest for the Orb.
     0 | D:1      | Reached XP level 1. HP: 10/10 MP: 6/6
   320 | D:1      | Reached XP level 2. HP: 9/15 MP: 1/8
   421 | D:1      | You fall through a shaft!
   436 | D:2      | Learned a level 2 spell: Searing Ray
   865 | D:1      | Reached XP level 3. HP: 19/19 MP: 7/9
  1312 | D:2      | Found a bloodstained altar of Trog.
  1312 | D:2      | Found a blossoming altar of Fedhas.
  1423 | D:2      | Found a stormy altar of Qazlal.
  1525 | D:2      | Found a shimmering altar of Xom.
  1527 | D:2      | Found a shimmering altar of Xom.
  1527 | D:2      | Found a glowing golden altar of the Shining One.
  1562 | D:2      | Found a glowing golden altar of the Shining One.
  1562 | D:2      | Found a sparkling altar of Nemelex Xobeh.
  1562 | D:2      | Found a basalt altar of Yredelemnul.
  1563 | D:2      | Reached skill level 5 in Conjurations
  1964 | D:2      | Reached XP level 4. HP: 23/24 MP: 8/11
  1997 | D:2      | Found a white marble altar of Elyvilon.
  2160 | D:3      | Learned a level 4 spell: Iskenderun's Mystic Blast
  2285 | D:3      | Slain by a scorpion

Skill      XL: |  1  2  3  4 |
---------------+-------------+-----
Stealth        | 3 |  3.9
Conjurations   | 5 |  5.3
Dodging        | 3 |  3.1
Spellcasting   | |  3.9

Action                   |  1- 3 |  4- 6 || total
-------------------------+-------+-------++-------
Melee: Hand axe          |     9 |       ||     9
 Fire: Hunting sling     |    22 |     2 ||    24
Throw: Tomahawk          |     1 |       ||     1
 Cast: Magic Dart        |    84 |    19 ||   103
       Searing Ray       |       |     2 ||     2
  Use: Scroll            |     3 |       ||     3
 Stab: Sleeping          |     1 |       ||     1
  Eat: Chunk             |     3 |     1 ||     4
Armor: Robe              |     4 |       ||     4
Dodge: Dodged            |    27 |     4 ||    31
